 Dungeon Crawl Stone Soup version 0.29-a0-834-g1e95ca9f62 (webtiles) character file.

Game seed: 2604415890116517846

235218 buhh the Alchemist (level 19, 0/201 HPs)
             Began as an Octopode Transmuter on July 12, 2022.
             Was the Champion of Cheibriados.
             Slain by a deep elf blademaster
             ... wielding a +0 rapier
              (11 damage)
             ... on level 2 of the Elven Halls.
             The game lasted 01:24:48 (57412 turns).

buhh the Alchemist (Octopode Transmuter)           Turns: 57412, Time: 01:24:49

Health: 0/201      AC: 29    Str: 25    XL:     19   Next: 62%
Magic:  6/33       EV:  2    Int: 36    God:    Cheibriados [******]
Gold:   3806       SH:  0    Dex: 29    Spells: 11/38 levels left

rFire   + + +      SeeInvis +     - Unarmed
rCold   . . .      Faith    .   (no shield)
rNeg    . . .      Spirit   .   (helmet currently unavailable)
rPois   +          Reflect  .   (no amulet)
rElec   +          Harm     .   p - +4 ring of evasion
rCorr   .          Rampage  .   N - ring of wizardry
Will    ++...      NoTele   +   i - +4 ring of slaying
Stlth   +++.......              J - ring "Hero's Friend" {Fly rElec rPois Will+ Stlth+}
HPRegen 0.43/turn               K - +4 ring of evasion
MPRegen 0.23/turn               S - +4 ring of slaying
                                X - ring of wizardry
                                D - ring "Oniofim" {Drain Fly rF+++ SInv Stlth-}

@: tree-form, slowed, very slow
A: stationary, stasis, torment immunity, boosted hp, almost no armour,
(amphibious), 8 rings, (camouflage 1), (gelatinous body 1), (nimble swimmer 1),
(tentacles)
}: 1/15 runes: serpentine
a: Renounce Religion, Bend Time, Temporal Distortion, Slouch, Step From Time


You were on level 2 of the Elven Halls.
You worshipped Cheibriados.
Cheibriados was exalted by your worship.
You were a tree.
You visited 6 branches of the dungeon, and saw 34 of its levels.
You also visited: Ossuary, Gauntlet and Ice Cave.

You collected 4793 gold pieces.
You spent 987 gold pieces at shops.

Inventory:

Missiles
 T - 11 curare-tipped darts
Armour
 P - a +1 hat (melded)
Jewellery
 i - a +4 ring of slaying (on tentacle)
 p - a +4 ring of evasion (left branch)
 q - a ring of ice
 D - the ring "Oniofim" (on tentacle) {Drain Fly rF+++ SInv Stlth-}
   (You found it in an ice cave)

   [ring of see invisible]

   rF:        It renders you almost immune to fire.
   SInv:      It lets you see invisible.
   Fly:       It grants you flight.
   Drain:     It drains your maximum health when unequipped.
   Stlth:     It makes you less stealthy.
 J - the ring "Hero's Friend" (on tentacle) {Fly rElec rPois Will+ Stlth+}
   (You found it on level 5 of the Dungeon)

   [ring of willpower]

   rElec:     It insulates you from electricity.
   rPois:     It protects you from poison.
   Fly:       It grants you flight.
   Will:      It increases your willpower.
   Stlth:     It makes you more stealthy.
 K - a +4 ring of evasion (on tentacle)
 M - a +6 ring of strength
 N - a ring of wizardry (right branch)
 S - a +4 ring of slaying (on tentacle)
 X - a ring of wizardry (on tentacle)
 Y - a +6 ring of strength
Wands
 A - a wand of digging (3)
 C - a wand of iceblast (15)
 E - a wand of flame (61)
 F - a wand of charming (31)
 H - a wand of quicksilver (5)
 R - a wand of polymorph (16)
 Z - a wand of mindburst (14)
Scrolls
 a - 5 scrolls of identify {!d}
 c - 14 scrolls of teleportation {!d!d}
 d - 2 scrolls of magic mapping {!d}
 e - 4 scrolls of poison
 f - 6 scrolls of fog
 g - 2 scrolls of amnesia
 h - 4 scrolls of enchant armour
 j - 7 scrolls of enchant weapon
 k - 3 scrolls of torment
 l - 3 scrolls of immolation {!r}
 x - 5 scrolls of silence {!r}
 B - 7 scrolls of vulnerability
 G - a scroll of brand weapon
 I - a scroll of summoning
 O - 8 scrolls of noise
Potions
 m - 9 potions of might
 n - 6 potions of lignification {!d}
 o - 9 potions of mutation {!q!d}
 r - 4 potions of cancellation {!q!d}
 s - 3 potions of resistance {!d}
 t - 5 potions of brilliance {!d}
 u - 8 potions of ambrosia {!d}
 v - 9 potions of curing {!d}
 y - 4 potions of haste {!q}
 z - 2 potions of berserk rage {!q}
 L - 11 potions of attraction
 U - 6 potions of degeneration
 V - 6 potions of invisibility {unknown}
Miscellaneous
 Q - a phial of floods (inert)
 W - a condenser vane


   Skills:
 * Level 13.1 Fighting
 - Level 11.0 Dodging
 - Level 4.0 Stealth
 * Level 13.1 Unarmed Combat
 - Level 10.0 Spellcasting
 - Level 10.0 Translocations
 - Level 16.2 Transmutations
 - Level 15.0 Ice Magic
 - Level 1.0 Poison Magic
 - Level 13.0 Invocations
 - Level 4.1 Evocations


You had 11 spell levels left.
You knew the following spells:

 Your Spells              Type           Power      Damage    Failure   Level
a - Beastly Appendage     Tmut           100%       N/A       0%          1
b - Wereblood             Tmut           94%        N/A       0%          2
c - Ozocubu's Refrigerat  Ice            45%        4d14      1%          7
d - Ice Form              Ice/Tmut       92%        N/A       1%          4
e - Ozocubu's Armour      Ice            90%        N/A       0%          3
f - Lesser Beckoning      Tloc           74%        N/A       1%          3
g - Blink                 Tloc           100%       N/A       1%          2
r - Manifold Assault      Tloc           74%        N/A       1%          5

Your spell library contained the following spells:

 Spells                   Type           Power      Damage    Failure   Level
 Sandblast                Erth           36%        2d10      1%          1
 Shock                    Conj/Air       72%        1d7       1%          1
 Sting                    Tmut/Pois      100%       1d8       1%          1
 Ensorcelled Hibernation  Hex/Ice        100%       N/A       1%          2
 Passwall                 Tmut/Erth      55%        N/A       1%          2
 Poisonous Vapours        Pois/Air       42%        N/A       1%          2
 Call Canine Familiar     Summ           18%        N/A       1%          3
 Dazzling Flash           Conj/Hex       36%        N/A       1%          3
 Gell's Gravitas          Tloc           74%        N/A       1%          3
 Portal Projectile        Hex/Tloc       100%       N/A       1%          3
 Spider Form              Tmut/Pois      68%        N/A       1%          3
 Stone Arrow              Conj/Erth      36%        3d9       1%          3
 Swiftness                Air            18%        N/A       1%          3
 Teleport Other           Tloc           74%        N/A       1%          3
 Tukima's Dance           Hex            18%        N/A       1%          3
 Hailstorm                Conj/Ice       64%        3d14      1%          4
 Passage of Golubria      Tloc           74%        N/A       1%          4
 Yara's Violent Unravell  Hex/Tmut       33%        3d14      1%          5
 Dispersal                Tloc           37%        N/A       1%          6
 Olgreb's Toxic Radiance  Pois           25%        N/A       4%          4
 Simulacrum               Ice/Necr       32%        N/A       4%          6
 Airstrike                Air            9%         0-4+      6%          4
 Leda's Liquefaction      Hex/Erth       9%         N/A       6%          4
 Summon Lightning Spire   Summ/Air       18%        N/A       6%          4
 Disjunction              Tloc           37%        N/A       50%         8
 Conjure Ball Lightning   Conj/Air       9%         3x3d6     63%         6
 Enfeeble                 Hex            9%         N/A       98%         7
 Discord                  Hex            9%         N/A       100%        8
 Lehudib's Crystal Spear  Conj/Erth      9%         10d4      100%        8
 Dragon's Call            Summ           9%         N/A       100%        9
 Animate Armour           Summ/Erth      Unusable   N/A       N/A         4

Dungeon Overview and Level Annotations

Branches:
Dungeon (15/15) Zot: 37821  Temple (0/1) D:7            Lair (6/6) D:10 Zot: 34011
 Shoals (4/4) Lair:4 Zot: 26209   Snake (4/4) Lair:3 Zot: 22914   Slime (0/5) Lair:6
    Orc (2/2) D:11 Zot: 15051     Elf (3/3) Orc:2 Zot: 18668  Vaults (0/5) D:13
 Depths (0/4) D:15        Ossuary (visited)           IceCv (visited)
Gauntlet (visited)

Altars:
Cheibriados
Fedhas
Makhleb
Sif Muna
Trog
Uskayaw
Vehumet
Wu Jian
Xom
Yredelemnul
The Shining One
Jiyva

Shops:
Orc:1 [   Orc:2 [:[:   Elf:2 (   Elf:3 !   Snake:3 (

Annotations:
D:5 exclusion: downstairs
D:7 exclusion: 2 downstairs
D:9 exclusion: steam dragon
D:10 3 runed translucent doors, exclusions: centaur warrior and 1 more exclusion, ReploidZero's ghost, journeyman TeAE
D:13 Rupert
D:14 3 runed translucent doors, exclusion: 3 doors, Faeteph's ghost, journeyman FoHu; Jappaos's ghost, journeyman GnWn; Taheskul's ghost, journeyman DDNe
D:15 1 exclusion
Lair:4 1 runed translucent door
Lair:5 exclusion: downstairs
Lair:6 1 runed translucent door, Brotato's ghost, journeyman SpBr
Snake:2 exclusion: 2 downstairs
Elf:1 1 runed translucent door, rrossfarrar's ghost, adept FeBe
Elf:2 3 runed translucent doors


Innate Abilities, Weirdness & Mutations

You are a tree.
Your roots penetrate the ground, keeping you stationary.
You cannot be teleported.
You are immune to unholy pain and torment.
Your maximum health is greatly increased.
You cannot wear most types of armour.
((You are amphibious.))
You can wear up to eight rings at the same time.
((Your skin changes colour to match your surroundings (Stealth+).))
((Your rubbery body absorbs attacks. (AC +1, EV +1)))
((You are camouflaged when in or above water. (Stealth+)))
((You have tentacles for arms and can constrict up to eight enemies at once.))


Message History

Level annotation: 3 runed translucent doors
There is a stone staircase leading down here.
You feel better.
The deep elf blademaster completely misses you.
The deep elf blademaster hits you with a +0 rapier!
* * * LOW HITPOINT WARNING * * *
The deep elf blademaster hits you with a +0 rapier.
* * * LOW HITPOINT WARNING * * *
The deep elf blademaster hits you with a +0 rapier!
* * * LOW HITPOINT WARNING * * *
Okay, then.
Okay, then.
Okay, then.
Really quaff the potion of lignification?
You warm up again.
Your +1 hat unmelds from your body.
You turn into a tree.
Your +1 hat melds into your body.
Your roots penetrate the ground.
The deep elf blademaster hits you but does no damage. x2
The deep elf blademaster barely misses you.
The deep elf blademaster hits you but does no damage.
You pummel the deep elf blademaster!!
The deep elf blademaster is moderately wounded.
The deep elf blademaster hits you with a +0 rapier!
* * * LOW HITPOINT WARNING * * *
The deep elf blademaster hits you with a +0 rapier.
* * * LOW HITPOINT WARNING * * *
The deep elf blademaster hits you with a +0 rapier!
* * * LOW HITPOINT WARNING * * *
The deep elf blademaster barely misses you.
Aim the phial where?
Press: ? - help, Q - select action, (/) - cycle Shift-Dir - straight line, f - deep elf blademaster
Aim: a deep elf blademaster, wielding two +0 rapiers and wearing a +0 ring mail (moderately wounded)
The torrent of water hits the deep elf blademaster!
The deep elf blademaster is moderately wounded.
The wave splashes down.
The deep elf blademaster is engulfed in water.
The deep elf blademaster hits you with a +0 rapier!
* * * LOW HITPOINT WARNING * * *
The deep elf blademaster hits you with a +0 rapier!
You die...

### ..## ...## ### ⌠.⌠.## #.#
######### .∩...# ##.## #.).<...#
⌠.⌠..#####...#########.......#
.....'..'.[...'≈♣e≈≈.'......##
.....####..⌠..#########.....#####
.....# #.....# ##......... ....##
###+### ##'.####..## ...## #.#
##.#.#....... .)#'## #.#
##.##.#..####. ####.## #.#
##.###.#.#....# ##.## #.#
##.###....#.#..# ######.## #.#
##.####....#..#.#


You could see a deep elf blademaster (waterlogged).

Vanquished Creatures
  Zenata (Elf:1)
  A deep elf blademaster (Elf:3)
  Kirke (Lair:6)
  Ilsuiw (Shoals:2)
  Agnes (Snake:3)
  2 deep elf sorcerers (Elf:3)
  An orc warlord (Orc:1)
  The ghost of buhh the Transmogrifier, a journeyman OpTm of Cheibriados (Snake:2)
  A very ugly thing (D:15)
  A reaper (IceCv)
  3 deep elf annihilators
  A deep elf demonologist (Elf:1)
  3 merfolk javelineers
  The ghost of Hetipnorha the Marksdemigod, a journeyman DgHu (Lair:5)
  3 merfolk impalers
  A rakshasa (D:15)
  3 salamander tyrants (Snake:4)
  A boulder beetle (D:12)
  2 ogre magi (Orc:2)
  6 hydras
  2 deep elf high priests (Elf:3)
  A hydra (shapeshifter) (D:15)
  3 merfolk avatars
  6 centaur warriors
  16 naga warriors
  12 two-headed ogres
  7 anacondas
  A catoblepas (Lair:6)
  2 merfolk aquamancers
  8 dancing weapons
  6 satyrs
  9 death yaks (Lair:6)
  2 tengu warriors
  2 orc high priests (Orc:1)
  Nergalle (Lair:2)
  6 shock serpents
  Urug (D:12)
  6 naga sharpshooters
  4 skeletal warriors
  9 sea snakes
  10 deep elf knights
  A salamander mystic (Snake:4)
  Amaemon (Lair:3)
  A glowing orange brain (D:15)
  14 deep elf archers
  2 naga ritualists
  2 deep trolls (Orc:2)
  2 orc knights (D:13)
  29 deep elf pyromancers
  An oklob plant (Lair:6)
  11 mana vipers
  13 harpies
  20 fauns
  3 orc sorcerers
  4 lindwurms
  28 deep elf zephyrmancers
  12 cyclopes
  14 ugly things
  9 manticores
  11 elephants (Lair:6)
  14 salamanders
  15 naga magi
  Maurice (D:8)
  9 merfolk sirens
  An ice statue (IceCv)
  21 black mambas
  An orange demon (Lair:3)
  9 guardian serpents
  11 cane toads
  2 gargoyles (D:10)
  8 water nymphs
  A torpor snail (Lair:4)
  13 komodo dragons
  4 unseen horrors
  14 rime drakes
  28 merfolk
  An efreet (D:14)
  An ice devil (IceCv)
  An entropy weaver simulacrum (IceCv)
  3 meliai (D:14)
  3 tengu conjurers
  16 trolls
  A polar bear (Lair:5)
  A wind drake (shapeshifter) (Elf:1)
  8 slime creatures
  6 wind drakes
  5 hornets
  18 blink frogs
  17 dream sheep
  8 snapping turtles
  2 dire elephant simulacra (IceCv)
  2 wraiths
  11 spriggans (Lair:3)
  2 air elementals (Elf:2)
  19 water elementals
  5 wyverns
  16 humans (D:13)
  41 yaks
  5 fire elementals
  7 basilisks
  Grum (D:8)
  2 steam dragons
  4 death yak simulacra (IceCv)
  A harpy simulacrum (IceCv)
  35 nagas
  4 acid dragons
  17 water moccasins
  3 black bears
  22 orc warriors
  An ice beast (D:7)
  A sky beast (D:8)
  13 wolves
  20 ogres
  3 boggarts (Lair:3)
  4 centaurs
  2 kobold brigands
  2 earth elementals
  12 bullfrogs
  2 cane toad simulacra (IceCv)
  2 two-headed ogre simulacra (IceCv)
  2 scorpions
  17 wights
  6 killer bees
  A howler monkey (D:5)
  2 electric eels (Lair:4)
  4 centaur zombies (Ossuary)
  A bullfrog zombie (Ossuary)
  6 hounds
  13 orc priests
  3 iguanas
  18 orc wizards
  5 hell rats
  A polar bear simulacrum (IceCv)
  2 troll simulacra (IceCv)
  4 spriggan simulacra (IceCv)
  2 wolf simulacra (IceCv)
  2 ogre zombies (Ossuary)
  Robin (D:3)
  7 adders
  9 naga simulacra (IceCv)
  11 white imps
  7 ufetubi
  5 adder zombies (Ossuary)
  2 dart slugs
  70 orcs
  5 ball pythons
  6 endoplasms
  3 giant cockroaches
  2 gnoll zombies (Ossuary)
  18 goblins
  7 hobgoblins
  7 jackals (D:2)
  3 quokkas (D:1)
  10 bats
  5 frilled lizards
  2 goblin zombies (Ossuary)
  3 hobgoblin zombies (Ossuary)
  16 kobolds
  3 orc zombies (Ossuary)
  6 rats
1126 creatures vanquished.

Vanquished Creatures (collateral kills)
  A yak (D:8)
1 creature vanquished.

Vanquished Creatures (others)
  A deep elf knight (Elf:1)
  A deep elf archer (Elf:1)
  A yak (D:8)
  2 humans (Lair:6)
  A gnoll sergeant (D:10)
  5 bushes
  29 demonic plants (Gauntlet)
  31 fungi
  407 plants
478 creatures vanquished.

Grand Total: 1605 creatures vanquished

Notes
Turn   | Place    | Note
-------+----------+-------------------------------------------
     0 | D:1      | buhh the Octopode Transmuter began the quest for the Orb.
     0 | D:1      | Reached XP level 1. HP: 13/13 MP: 3/3
    70 | D:1      | Reached skill level 1 in Stealth
    92 | D:1      | Reached XP level 2. HP: 17/18 MP: 3/5
   147 | D:1      | Found a faded altar of an unknown god.
   166 | D:1      | Reached skill level 1 in Poison Magic
   473 | D:1      | Reached XP level 3. HP: 16/23 MP: 4/6
  1501 | D:2      | Reached XP level 4. HP: 27/29 MP: 5/7
  2363 | D:3      | Found a hide-covered altar of Uskayaw.
  2485 | D:3      | Noticed Robin
  2492 | D:3      | Killed Robin
  2493 | D:3      | Reached XP level 5. HP: 35/35 MP: 8/8
  2626 | D:3      | Found a shimmering blue altar of Sif Muna.
  2629 | D:3      | Found a burning altar of Makhleb.
  2630 | D:3      | Found a radiant altar of Vehumet.
  2978 | D:3      | Found an ornate altar of the Wu Jian Council.
  3593 | D:4      | Found a blossoming altar of Fedhas.
  3661 | D:4      | Reached XP level 6. HP: 38/42 MP: 7/9
  3760 | D:4      | Found a snail-covered altar of Cheibriados.
  3766 | D:4      | Became a worshipper of Cheibriados the Contemplative
  3767 | D:4      | Upgraded the game from 0.29-a0-830-gcb1280458a to
                  | 0.29-a0-834-g1e95ca9f62
  4208 | D:5      | Entered Level 5 of the Dungeon
  4264 | D:5      | Identified the ring "Hero's Friend" {Fly rElec rPois Will+
                  | Stlth+}
  4345 | D:5      | Found a sand-covered staircase.
  4350 | Ossuary  | Entered an ossuary
  4425 | Ossuary  | Learned a level 2 spell: Wereblood
  4429 | Ossuary  | Learned a level 3 spell: Spider Form
  4624 | Ossuary  | HP: 1/42 [ogre zombie (11)]
  5072 | Ossuary  | Reached * piety under Cheibriados
  5203 | Ossuary  | Reached XP level 7. HP: 47/47 MP: 8/10
  5229 | Ossuary  | Reached skill level 5 in Unarmed Combat
  5232 | Ossuary  | Noticed a silent spectre
  5360 | D:5      | Learned a level 4 spell: Ice Form
  5585 | D:5      | Reached skill level 5 in Dodging
  5625 | D:5      | Reached XP level 8. HP: 54/54 MP: 9/11
  5924 | D:5      | Reached skill level 5 in Fighting
  6289 | D:6      | Reached ** piety under Cheibriados
  7113 | D:7      | Reached skill level 1 in Ice Magic
  7267 | D:7      | Found a staircase to the Ecumenical Temple.
  7470 | D:8      | Noticed a yak
  7470 | D:8      | Noticed a yak
  7471 | D:8      | Noticed a yak
  8043 | D:8      | Reached XP level 9. HP: 62/62 MP: 8/12
  8097 | D:8      | Reached skill level 3 in Transmutations
  8120 | D:8      | Reached *** piety under Cheibriados
  8651 | D:8      | Reached skill level 4 in Transmutations
  8887 | D:8      | Noticed Grum
  8892 | D:8      | Reached skill level 5 in Transmutations
  8897 | D:8      | Killed Grum
  8901 | D:8      | Noticed Maurice
  8902 | D:8      | Reached skill level 5 in Ice Magic
  8902 | D:8      | Reached XP level 10. HP: 43/69 MP: 9/13
  8918 | D:8      | Killed Maurice
  8929 | D:8      | Reached skill level 6 in Transmutations
  9854 | D:9      | Reached **** piety under Cheibriados
  9858 | D:9      | Reached skill level 1 in Invocations
 10428 | D:9      | Found a glowing golden altar of the Shining One.
 10484 | D:10     | Entered Level 10 of the Dungeon
 10778 | D:10     | Noticed a gargoyle
 10790 | D:10     | Killed a gargoyle
 11083 | D:10     | Reached XP level 11. HP: 76/76 MP: 9/14
 11137 | D:10     | Reached skill level 5 in Invocations
 11147 | D:10     | Reached skill level 7 in Transmutations
 11494 | D:10     | Found a runed translucent gate.
 11495 | D:10     | Found a runed translucent gate.
 11496 | D:10     | Noticed a centaur warrior
 11498 | D:10     | Found a runed translucent gate.
 11499 | D:10     | Noticed an orc knight
 11499 | D:10     | Noticed ReploidZero's ghost (journeyman TeAE)
 12492 | D:10     | Found a staircase to the Lair.
 12508 | D:10     | Found a basalt altar of Yredelemnul.
 12841 | Lair:1   | Entered Level 1 of the Lair of Beasts
 12967 | Lair:1   | Reached ***** piety under Cheibriados
 14182 | Lair:2   | Reached XP level 12. HP: 84/84 MP: 12/17
 14460 | Lair:2   | Identified the +3 leather armour of Jumaot {Harm rElec}
 14482 | Lair:2   | Reached skill level 8 in Transmutations
 14814 | Lair:2   | Noticed Nergalle
 14827 | Lair:2   | Killed Nergalle
 15478 | Lair:3   | Noticed a six-headed hydra
 15485 | Lair:3   | Killed a six-headed hydra
 15624 | Lair:3   | Noticed Amaemon
 15634 | Lair:3   | Killed Amaemon
 15640 | Lair:3   | You are sucked into a shaft and drop 1 floor!
 15720 | Lair:4   | Found a staircase to the Shoals.
 15788 | Lair:4   | Found a runed translucent door.
 16230 | Lair:4   | Reached skill level 10 in Invocations
 17201 | Lair:5   | Reached XP level 13. HP: 91/91 MP: 18/20
 17216 | Lair:5   | Reached skill level 9 in Transmutations
 17688 | Lair:5   | Identified the +4 great mace "Trog's Righteous Anger"
                  | {antimagic, rPois SInv Stlth+}
 17877 | Lair:5   | Found a large runed translucent door.
 17878 | Lair:5   | Found a large runed translucent door.
 17881 | Lair:5   | Noticed Hetipnorha's ghost (journeyman DgHu)
 18226 | Lair:5   | Reached skill level 10 in Dodging
 18629 | Lair:6   | Entered Level 6 of the Lair of Beasts
 18632 | Lair:6   | Reached skill level 10 in Fighting
 18633 | Lair:6   | Reached skill level 10 in Unarmed Combat
 18960 | Lair:6   | Found a viscous altar of Jiyva.
 18963 | Lair:6   | Found a staircase to the Slime Pits.
 19193 | Lair:6   | Reached skill level 1 in Evocations
 20249 | Lair:3   | Found a staircase to the Snake Pit.
 20529 | Lair:3   | Reached skill level 10 in Transmutations
 20852 | Lair:3   | Identified the +2 robe "Yqaprer" {Drain +Blink rC+}
 20983 | Lair:3   | Reached XP level 14. HP: 68/99 MP: 15/23
 21973 | D:11     | Found a staircase to the Orcish Mines.
 22017 | Orc:1    | Entered Level 1 of the Orcish Mines
 22055 | Orc:1    | Reached skill level 11 in Transmutations
 22431 | Orc:2    | Entered Level 2 of the Orcish Mines
 22688 | D:12     | Identified 2 scrolls of acquirement
 22738 | D:12     | Found a blossoming altar of Fedhas.
 22761 | D:12     | Found a gate leading to a gauntlet.
 22773 | Gauntlet | Entered a Gauntlet
 22773 | Gauntlet | Found a transporter.
 22818 | Gauntlet | Found a transporter.
 22832 | Gauntlet | Found a transporter.
 22837 | Gauntlet | Found a transporter.
 22863 | Gauntlet | Found a transporter.
 22872 | Gauntlet | Found a transporter.
 22884 | Gauntlet | Found a transporter.
 22886 | Gauntlet | Noticed a dire elephant
 22896 | Gauntlet | Found a transporter.
 22902 | Gauntlet | Found a transporter.
 22902 | Gauntlet | Found a transporter.
 22921 | Gauntlet | Found a transporter.
 22933 | Gauntlet | Found a transporter.
 22935 | Gauntlet | Noticed a cacodemon
 22950 | Gauntlet | Found a transporter.
 22967 | Gauntlet | Found a transporter.
 22969 | Gauntlet | Found a transporter.
 22995 | Gauntlet | Found a transporter.
 22997 | Gauntlet | Found a transporter.
 23017 | Gauntlet | Found a transporter.
 23264 | D:12     | Identified the +4 mace "Vuighuarph" {vorpal, rPois}
 23345 | D:12     | Noticed Urug
 23352 | D:12     | Killed Urug
 23656 | D:12     | Reached skill level 12 in Transmutations
 24085 | D:13     | Noticed Rupert
 24085 | D:13     | Found a gate to the Vaults.
 24106 | D:13     | Reached skill level 13 in Transmutations
 24196 | D:13     | Found a frozen archway.
 24210 | IceCv    | Entered an ice cave
 25585 | IceCv    | Noticed a reaper
 25595 | IceCv    | Killed a reaper
 25643 | IceCv    | Identified the ring "Oniofim" {Drain Fly rF+++ SInv Stlth-}
 25808 | D:13     | Reached skill level 14 in Transmutations
 25951 | D:13     | Reached XP level 15. HP: 66/103 MP: 24/24
 26463 | D:12     | Acquired 931 gold pieces
 26465 | D:12     | Acquired 647 gold pieces
 26615 | Orc:2    | Reached ****** piety under Cheibriados
 26792 | Orc:2    | Found a staircase to the Elven Halls.
 26810 | Orc:2    | Found Kuemel's Antique Armour Shop.
 26825 | Orc:2    | Reached skill level 15 in Transmutations
 26872 | Orc:2    | Reached skill level 16 in Transmutations
 26880 | Orc:2    | Found Paoth's Antique Armour Boutique.
 26899 | Orc:2    | Found Non Oni's Book Emporium.
 26908 | Orc:2    | Found Ecrock's Book Shop.
 27307 | Orc:2    | Bought Ozocubu's Autobiography for 360 gold pieces
 27311 | Orc:2    | Learned a level 3 spell: Ozocubu's Armour
 27464 | Snake:1  | Entered Level 1 of the Snake Pit
 28388 | Snake:1  | Found a bloodstained altar of Trog.
 28488 | Snake:1  | Got the Codex of Assembling and Putrescence
 29320 | Snake:2  | Found a runed translucent door.
 29320 | Snake:2  | Noticed buhh's ghost (journeyman OpTm)
 30221 | Snake:2  | Reached skill level 1 in Translocations
 30360 | Snake:2  | Learned a level 3 spell: Lesser Beckoning
 30593 | Snake:2  | Killed buhh's ghost
 31007 | Shoals:1 | Entered Level 1 of the Shoals
 31027 | Shoals:1 | Reached XP level 16. HP: 112/112 MP: 25/25
 31851 | Lair:6   | Noticed Kirke
 31861 | Lair:6   | Killed Kirke
 32132 | Lair:6   | Got Qyuliat's Omnibus of the Baleful Impact
 32247 | Lair:6   | Reached skill level 5 in Translocations
 32708 | Lair:6   | Found a runed translucent door.
 32710 | Lair:6   | Identified the +6 trident of the Keeping Seer {flame, rElec
                  | Str+5}
 32716 | Lair:6   | Noticed Brotato's ghost (journeyman SpBr)
 32849 | Lair:5   | Killed Hetipnorha's ghost
 33065 | Elf:1    | Entered Level 1 of the Elven Halls
 33132 | Elf:1    | Reached skill level 10 in Ice Magic
 34316 | Elf:1    | Noticed Zenata
 34624 | Elf:1    | Found a runed translucent door.
 34624 | Elf:1    | Found a shimmering altar of Xom.
 34624 | Elf:1    | Noticed rrossfarrar's ghost (adept FeBe)
 34686 | Elf:1    | Reached XP level 17. HP: 117/117 MP: 22/26
 35141 | Orc:1    | Found Wopsoteh's Antique Armour Shop.
 35521 | Orc:1    | Learned a level 7 spell: Ozocubu's Refrigeration
 35688 | D:14     | Found a runed translucent gate.
 35688 | D:14     | Found a runed translucent gate.
 35688 | D:14     | Found a runed translucent gate.
 35807 | D:14     | Acquired the Reference Book on the Map
 36359 | D:14     | Noticed Faeteph's ghost (journeyman FoHu)
 36359 | D:14     | Noticed Jappaos's ghost (journeyman GnWn)
 36360 | D:14     | Noticed Taheskul's ghost (journeyman DDNe)
 36360 | D:14     | Noticed Faeteph's ghost (journeyman FoHu)
 36374 | D:15     | Entered Level 15 of the Dungeon
 37615 | D:15     | Found a staircase to the Depths.
 39422 | Snake:3  | Found Lonekhla's Weapon Shop.
 41120 | Snake:3  | Noticed Agnes
 41127 | Snake:3  | Killed Agnes
 41266 | Snake:4  | Entered Level 4 of the Snake Pit
 42097 | Snake:4  | Identified the +0 leather armour of Kiudi {rC+ Str+3
                  | Stlth-}
 42521 | Snake:4  | Reached skill level 15 in Ice Magic
 42998 | Snake:4  | Reached skill level 5 in Spellcasting
 43091 | Snake:4  | Reached XP level 18. HP: 124/124 MP: 9/27
 44900 | Snake:4  | Got a serpentine rune of Zot
 46227 | Shoals:2 | HP: 6/148 [poisoned by a sea snake]
 47160 | Shoals:2 | Noticed Ilsuiw
 47174 | Shoals:2 | Killed Ilsuiw
 47405 | Shoals:2 | Reached skill level 10 in Translocations
 47788 | Shoals:2 | Learned a level 5 spell: Manifold Assault
 47791 | Shoals:2 | Learned a level 2 spell: Blink
 49175 | Shoals:3 | Reached skill level 10 in Spellcasting
 49921 | Shoals:4 | Entered Level 4 of the Shoals
 51026 | Shoals:4 | Reached XP level 19. HP: 129/129 MP: 19/33
 52874 | Elf:1    | Killed Zenata
 54358 | Elf:2    | Found a runed translucent gate.
 54358 | Elf:2    | Found a runed translucent gate.
 54358 | Elf:2    | Found a runed translucent gate.
 54482 | Elf:2    | Found Otzugh's Antique Weapon Emporium.
 54942 | Elf:3    | Entered Level 3 of the Elven Halls
 55545 | Elf:3    | Found Vesoom's Distillery.
 55723 | Elf:3    | Bought a potion of mutation for 152 gold pieces
 55723 | Elf:3    | Bought a potion of mutation for 152 gold pieces
 55723 | Elf:3    | Bought a potion of might for 76 gold pieces
 55723 | Elf:3    | Bought a potion of might for 76 gold pieces
 55723 | Elf:3    | Bought a potion of curing for 57 gold pieces
 55723 | Elf:3    | Bought 2 potions of attraction for 114 gold pieces
 56513 | Elf:3    | Identified the +6 scale mail of the Snake Pit {Str-5 Dex-2
                  | Slay+6 SInv}
 56870 | Elf:3    | Identified the +7 mace of Blood {freeze, rC+}
 57412 | Elf:2    | Slain by a deep elf blademaster

Illustrated notes

Levels and vault maps discovered:
D:1:      co_arrival_random_square_maze, layout_loops_ring,
          dreamdust_ecumenical_altar_angels_and_demons
D:2:      layout_loops_ring
D:3:      layout_loops_corners, nicolae_overflow_crystal_walls,
          mainiacjoe_overflow_concentric_impassable,
          chequers_temple_overflow_statue_of_worship, serial_bayou_lagoon_a,
          uniq_robin, uniq_crazy_yiuf_cottage
D:4:      layout_loops_ring, mainiacjoe_overflow_alcove_4,
          mainiacjoe_overflow_paths, st_stairs_10
D:5:      layout_loops_ring, nicolae_ossuary_entry_false_entrances
D:6:      layout_rooms
D:7:      layout_gridville, temple_fountains
D:8:      layout_cave_pools, uniq_grum, uniq_maurice
D:9:      layout_loops_ring, nicolae_tso_swordbearing_angel
D:10:     minmay_clustersquares, layout_layer_cave,
          mainiacjoe_overflow_boulevard, minmay_lair_entry_grove,
          gammafunk_ghost_split
D:11:     layout_rooms, hiddenorc1_lemuel,
          nicolae_concentric_dashed_squares_wild
D:12:     layout_loops_cross, gauntlet_entry_generic, fedhas_ov_isle_minmay,
          uniq_urug
D:13:     layout_long_grid, david_vaults_3, portal_ice_cave_rime
D:14:     layout_rooms, gammafunk_ghost_cemetery, dreamdust_wishing_well
D:15:     gammafunk_enter_depths_forms, layout_irregular_city,
          minmay_fountain_box
Lair:1:   layout_regular_city
Lair:2:   layout_loops_ring, grunt_megastairs_4, uniq_nergalle
Lair:3:   kb_forest_paths, layout_regular_city, uniq_amaemon
Lair:4:   gammafunk_mikee_crab_dinner, layout_small_grid,
          elwin_shoals_entry_rocks, infiniplex_staircase_pool
Lair:5:   layout_roguey, ebering_ghost_disaster_area, minmay_lair_drake_nest
Lair:6:   hangedman_lair_in_review, layout_cave_shapes, dpeg_slime_entry_corner,
          ebering_ghost_funeral_grove, nicolae_quartered_pool_medium,
          serial_bayou_shore_b, uniq_kirke
Shoals:1: layout_shoals
Shoals:2: layout_shoals, st_cyclops, uniq_ilsuiw
Shoals:3: layout_shoals
Shoals:4: shoals_end_grunt_garden, layout_shoals, shoals_ilsuiw_ice
Snake:1:  layout_chambers, basic_altar
Snake:2:  nicolae_snake_hallway, layout_gridlike, hellmonk_ghost_happy_afterlife
Snake:3:  layout_rooms, serial_shops, nicolae_shop_advertising_works
          [nicolae_subvault_shop_adworks], nicolae_large_snake_swirl, uniq_agnes
Snake:4:  snake_pit_salamanders_mu, layout_misc_corridors, drop_trap
Orc:1:    layout_caves, serial_shops, shop_fountains, nicolae_orc_lava_room
Orc:2:    st_orc_open, layout_diamond_mine, mines_bat_river, uniq_rupert
Elf:1:    layout_rooms, ebering_ghost_xom, hangedman_elf_represent, hex_tiny,
          uniq_zenata
Elf:2:    elven_hall_of_blades_hangedman_original
          [nicolae_blade_entry_floor_patterns], layout_geoelf_grid,
          serial_shops, shop_fountains, minivault_20
Elf:3:    nooodl_elf_gasket, layout_loops_corners, serial_shops, shop

Skill      XL: |  1  2  3  4  5  6  7  8  9 10 11 12 13 14 15 16 17 18 19 |
---------------+----------------------------------------------------------+-----
Stealth        | 1 2 4 |  4.0
Poison Magic   | 1 |  1.0
Fighting       | 2 3 4 6 7 8 9 10 11 13 | 13.1
Dodging        | 3 4 5 6 7 8 9 10 11 | 11.0
Unarmed Combat | 4 5 6 7 8 9 10 11 13 | 13.1
Ice Magic      | 1 5 6 7 12 15 | 15.0
Transmutations | 5 6 7 8 10 14 16 | 16.2
Invocations    | 4 7 10 12 13 | 13.0
Evocations     | 4 |  4.1
Translocations | 1 5 7 10 | 10.0
Spellcasting   | 5 10 | 10.0

Action                   |  1- 3 |  4- 6 |  7- 9 | 10-12 | 13-15 | 16-18 | 19-21 || total
-------------------------+-------+-------+-------+-------+-------+-------+-------++-------
Melee: Unarmed           |    71 |   168 |   173 |   331 |   664 |   866 |   271 ||  2544
       Kick              |    26 |    34 |     9 |       |       |       |       ||    69
       Constrict         |    24 |    33 |    12 |       |       |     1 |       ||    70
       Tentacles         |    14 |    22 |     9 |     1 |     1 |     2 |       ||    49
       Punch             |     2 |     8 |     1 |     1 |     1 |       |       ||    13
 Cast: Beastly Appendage |    26 |    35 |     9 |     3 |       |       |       ||    73
       Spider Form       |       |     5 |    14 |       |       |       |       ||    19
       Ice Form          |       |       |    10 |    71 |   121 |   174 |    44 ||   420
       Wereblood         |       |       |     3 |     6 |     9 |     8 |       ||    26
       Ozocubu's Armour  |       |       |       |       |     3 |       |       ||     3
       Ozocubu's Refrige |       |       |       |       |       |   121 |       ||   121
       Manifold Assault  |       |       |       |       |       |    48 |   137 ||   185
Invok: Slouch            |       |       |       |     3 |    15 |    13 |       ||    31
       Step From Time    |       |       |       |       |       |     2 |     2 ||     4
Evoke: Wand              |       |       |     5 |     8 |     5 |     1 |     8 ||    27
       Condenser vane    |       |       |       |       |     3 |     1 |     1 ||     5
       Phial of floods   |       |       |       |       |       |       |     1 ||     1
  Use: Potion            |       |     2 |       |       |     3 |     5 |     5 ||    15
       Scroll            |       |     4 |     5 |     5 |    22 |    12 |     4 ||    52
 Stab: Sleeping          |     5 |     8 |     5 |     7 |    10 |    10 |     1 ||    46
       Distracted        |       |       |     1 |       |     1 |     3 |       ||     5
       Confused          |       |       |       |       |     1 |       |       ||     1
Armor: Skin              |     4 |    16 |    15 |    64 |   102 |   150 |    28 ||   379
Dodge: Dodged            |    40 |   113 |   164 |   394 |   789 |  1022 |   170 ||  2692

Table legend: (Time is in decaauts)
 A = Elapsed time spent in this place.
 B = Non-inter-level travel time spent in this place.
 C = Inter-level travel time spent in this place.
 D = Time resting spent in this place.
 E = Time spent auto-exploring this place.
 F = Levels seen in this place.
 G = Mean time per level.
                   A        B        C        D        E       F      G
               +--------+--------+--------+--------+--------+-----+--------+
         Total |  74219 |  69172 |   5047 |  14518 |  44323 |  37 | 2005.9 |
       Dungeon |  22019 |  20646 |   1373 |   2087 |  15294 |  15 | 1467.9 |
          Lair |  14632 |  13034 |   1598 |    981 |  10489 |   6 | 2438.7 |
        Shoals |   9779 |   9370 |    409 |   2596 |   5433 |   4 | 2444.8 |
     Snake Pit |  13077 |  12382 |    695 |   4714 |   5835 |   4 | 3269.2 |
  Orcish Mines |   2947 |   2211 |    736 |    163 |   1598 |   2 | 1473.5 |
   Elven Halls |   8332 |   8099 |    233 |   2916 |   4264 |   3 | 2777.3 |
       Ossuary |   1006 |   1006 |      0 |    499 |      5 |   1 | 1006.0 |
      Ice Cave |   1765 |   1765 |      0 |    560 |    781 |   1 | 1765.0 |
      Gauntlet |    658 |    658 |      0 |      0 |    620 |   1 |  658.0 |
               +--------+--------+--------+--------+--------+-----+--------+

Top non-repeatable levels by time:
Shoals:3: 4464 daAuts
 Snake:4: 4451 daAuts
   Elf:1: 3594 daAuts
 Snake:2: 3308 daAuts
    D:10: 3284 daAuts
 Snake:1: 2901 daAuts
  Lair:6: 2900 daAuts
  Lair:4: 2882 daAuts
   Elf:3: 2710 daAuts
  Lair:5: 2702 daAuts
Shoals:1: 2483 daAuts
 Snake:3: 2416 daAuts
    D:15: 2362 daAuts
Shoals:2: 2243 daAuts
     D:7: 2224 daAuts
